 Dungeon Crawl Stone Soup version 0.22.0-60-ga52c2fc (webtiles) character file.

5710 Heatsaber the Blocker (level 10, -6/78 HPs)
             Began as a Minotaur Fighter on Sept 10, 2018.
             Was an Initiate of Nemelex Xobeh.
             Mangled by a yak (11 damage)
             ... on level 8 of the Dungeon.
             The game lasted 00:40:31 (6570 turns).

Heatsaber the Blocker (Minotaur Fighter)            Turns: 6570, Time: 00:40:33

Health: -6/78      AC: 12    Str: 27    XL:     10   Next: 48%
Magic:  8/14       EV:  7    Int:  5    God:    Nemelex Xobeh [......]
Gold:   259        SH: 13    Dex: 12    Spells: 9/9 levels left

rFire    + . .     SeeInvis .   N - +3 morningstar (curse)
rCold    . . .     Gourm    .   c - +0 shield
rNeg     . . .     Faith    +   C - +3 chain mail
rPois    .         Spirit   .   (helmet restricted)
rElec    .         Reflect  .   L - +0 cloak {MR+}
rCorr    .         Harm     .   (no gloves)
MR       +....                  (no boots)
Stlth    ..........             r - amulet of faith
HPRegen  0.23/turn              q - ring of protection from fire
MPRegen  0.14/turn              (no ring)

@: mighty, very slightly contaminated, slowed, heavily drained, very slow
A: retaliatory headbutt, horns 2
a: Renounce Religion


You were on level 8 of the Dungeon.
You worshipped Nemelex Xobeh.
Nemelex Xobeh was noncommittal.
You were not hungry.

You visited 2 branches of the dungeon, and saw 9 of its levels.
You also visited: Sewer.

You collected 259 gold pieces.

Inventory:

Hand Weapons
 a - a +0 flail
 v - a +0 morningstar of draining
 y - a +0 mace of venom
 N - a cursed +3 morningstar (weapon)
Missiles
 p - 23 poisoned needles
 x - a throwing net (quivered)
 H - 9 tomahawks
Armour
 b - a +0 scale mail
 c - a +0 shield (worn)
 z - a +0 plate armour
 A - a +0 buckler
 B - a +2 cloak
 C - a +3 chain mail (worn)
 L - a +0 cloak of magic resistance (worn)
Jewellery
 q - a ring of protection from fire (left hand)
 r - an amulet of faith (around neck)
 I - an uncursed amulet of the acrobat
Wands
 o - a wand of random effects (43)
 J - a wand of digging (13)
Scrolls
 e - 2 scrolls of enchant armour
 h - 6 scrolls of teleportation
 l - 4 scrolls of amnesia
 m - a scroll of fog
 D - 4 scrolls of remove curse
 F - 4 scrolls of identify
 M - a scroll of immolation
Potions
 g - 2 potions of haste {unknown}
 i - 2 potions of agility {unknown}
 j - 5 potions of lignification
 k - a potion of berserk rage {unknown}
 n - a potion of degeneration {unknown}
 s - a potion of resistance {unknown}
 G - a potion of brilliance {unknown}
Miscellaneous
 K - a plain deck of destruction {drawn: 2}
Comestibles
 f - 7 rations
 O - 3 chunks of flesh


   Skills:
 - Level 3.9(1.8) Fighting
 + Level 11.1(8.6) Maces & Flails
 - Level 3.9(1.8) Armour
 + Level 14.0(11.3) Shields
 + Level 7.6(5.3) Invocations


You had 9 spell levels left.
You didn't know any spells.
Your spell library contained the following spells:

 Spells                   Type           Power        Failure   Level  Hunger
 Animate Skeleton         Necr           N/A          99%         1    ##.....
 Magic Dart               Conj           #...         99%         1    ##.....
 Pain                     Necr           #...         99%         1    ##.....
 Summon Small Mammal      Summ           #...         99%         1    ##.....
 Blink                    Tloc           N/A          100%        2    ###....
 Call Imp                 Summ           #.......     100%        2    ###....
 Slow                     Hex            #.......     100%        2    ###....
 Call Canine Familiar     Summ           #.......     100%        3    ####...
 Conjure Flame            Conj/Fire      #.......     100%        3    ####...
 Mephitic Cloud           Conj/Pois/Air  #.......     100%        3    ####...
 Regeneration             Chrm/Necr      #.........   100%        3    ####...
 Summon Guardian Golem    Hex/Summ       #.......     100%        3    ####...
 Vampiric Draining        Necr           #.........   100%        3    ####...
 Animate Dead             Necr           N/A          100%        4    #####..
 Summon Ice Beast         Ice/Summ       #.......     100%        4    #####..
 Summon Lightning Spire   Summ/Air       #.......     100%        4    #####..


Dungeon Overview and Level Annotations

Branches:
Dungeon (8/15)             Temple (1/1) D:5            Lair (0/6) D:8

Altars:
Ashenzari
Cheibriados
Elyvilon
Fedhas
Gozag
Hepliaklqana
Kikubaaqudgha
Makhleb
Nemelex Xobeh
Okawaru
Qazlal
Ru
Sif Muna
Trog
Uskayaw
Vehumet
Wu Jian
Xom
Yredelemnul
Zin
The Shining One


Innate Abilities, Weirdness & Mutations

You reflexively headbutt those who attack you in melee.
You have a pair of horns on your head.


Message History

The iguana barely misses you. You furiously retaliate!
You headbutt the iguana!!
You kill the iguana!
The wight hits you but does no damage. x2
You feel better. The wight hits you but does no damage. The yak gores you!
* * * LOW HITPOINT WARNING * * *
The crocodile bites you but does no damage.
You block the yak's attack. The wight closely misses you.
The wight hits you but does no damage. The yak barely misses you.
You furiously retaliate!
You headbutt the yak! You block the crocodile's attack.
You block the yak's attack.
Blink to where?
Press: ? - help, Dir - move target cursor You are very lightly contaminated with residual magic.
As you read the scroll labeled LAAQIY PEEN, it crumbles to dust.
It was a scroll of blinking.
The hornet stings the plant!
The wight hits the plant but does no damage.
The yak gores you!
You die...
Your body disappears without a glow.

....!## . ## ##
PP.....#...
##.♣P...P...#.## .
##..P♣%...P..#..##..
#.P...P.P...........
#......P..z.zy......
.....).P.s.Yzz......
..P.....Y.t.PYP..#..
.P.....@YPY.Y...>#
...♣......H..P..##
.....P.sPP...♣....
#P...PPP......#####
#..............
##...P.P....P..
##.........###
#...P.....#


You could see a hippogriff, 6 yaks, a hornet, a crocodile, 2 scorpions and 4
wights.

Vanquished Creatures
  Edmund (D:6)
  The ghost of Lew the Skirmisher, an amateur GrFi (D:4)
  A sky beast (D:7)
  2 orc warriors
  A phantom (D:4)
  2 ogres (D:6)
  6 big kobolds (Sewer)
  3 bullfrogs
  A scorpion (D:7)
  7 wights
  A howler monkey (D:8)
  2 crimson imps
  A jelly (D:6)
  2 hounds
  3 orc priests
  Crazy Yiuf (D:7)
  2 centaur skeletons
  3 iguanas
  Terence (D:3)
  7 orc wizards
  2 worker ants (D:4)
  3 hound skeletons
  A worker ant zombie (D:6)
  Robin (D:2)
  17 adders
  4 river rats
  A shadow imp (D:5)
  An ufetubus (D:7)
  4 oozes
  3 adder skeletons
  6 worms
  A dart slug (D:4)
  4 leopard geckos
  22 orcs
  3 bats
  7 giant cockroaches
  15 goblins
  11 hobgoblins
  13 jackals
  4 kobolds
  A quokka (D:3)
  4 ball pythons
  6 frilled lizards
  2 giant cockroach zombies
  15 rats
199 creatures vanquished.

Vanquished Creatures (others)
  A crimson imp (D:4)
  An adder (D:4)
  A bush (D:8)
  2 plants (D:8)
5 creatures vanquished.

Grand Total: 204 creatures vanquished

Notes
Turn   | Place    | Note
-------+----------+-------------------------------------------
     0 | D:1      | Heatsaber the Minotaur Fighter began the quest for the Orb.
     0 | D:1      | Reached XP level 1. HP: 19/19 MP: 0/0
    67 | D:1      | Reached XP level 2. HP: 26/27 MP: 1/1
   252 | D:1      | Reached skill level 4 in Shields
   488 | D:1      | Reached XP level 3. HP: 28/33 MP: 2/2
   792 | D:2      | Noticed Robin
   804 | D:2      | Killed Robin
   871 | D:2      | Found a shimmering altar of Xom.
   890 | D:2      | Reached XP level 4. HP: 23/40 MP: 3/3
  1172 | D:2      | Found a stormy altar of Qazlal.
  1300 | D:2      | Reached skill level 5 in Shields
  1317 | D:2      | Found a blossoming altar of Fedhas.
  1682 | D:3      | Noticed Terence
  1767 | D:3      | Killed Terence
  1767 | D:3      | Reached XP level 5. HP: 24/46 MP: 4/4
  1827 | D:3      | Found an ornate altar of the Wu Jian Council.
  2056 | D:3      | Found a hazy altar of Hepliaklqana.
  2151 | D:3      | Found a deep blue altar of Sif Muna.
  2333 | D:4      | Reached skill level 5 in Maces & Flails
  2356 | D:4      | Found a runed door.
  2361 | D:4      | Noticed Lew's ghost (amateur GrFi)
  2374 | D:4      | Reached skill level 6 in Shields
  2374 | D:4      | Reached XP level 6. HP: 51/52 MP: 5/5
  2399 | D:4      | Killed Lew's ghost
  2404 | D:4      | Found a runed door.
  2447 | D:4      | Reached skill level 7 in Shields
  2461 | D:4      | Reached XP level 7. HP: 21/58 MP: 6/6
  2524 | D:4      | Found a sacrificial altar of Ru.
  2675 | D:4      | Found a glowing drain.
  2708 | Sewer    | Entered a sewer
  2989 | Sewer    | Reached skill level 8 in Shields
  3275 | Sewer    | Reached XP level 8. HP: 54/66 MP: 7/7
  3463 | D:4      | Reached skill level 9 in Shields
  3826 | D:5      | Entered Level 5 of the Dungeon
  3961 | D:5      | Found a glowing golden altar of the Shining One.
  3997 | D:5      | Found a staircase to the Ecumenical Temple.
  4213 | D:5      | Found a glowing silver altar of Zin.
  4285 | D:5      | Found a shattered altar of Ashenzari.
  4688 | Temple   | Entered the Ecumenical Temple
  5011 | D:6      | Found a hide-covered altar of Uskayaw.
  5011 | D:6      | Noticed a hand axe
  5011 | D:6      | Noticed an enchanted hand axe
  5165 | D:6      | Reached skill level 10 in Shields
  5171 | D:6      | Noticed Edmund
  5269 | D:6      | Killed Edmund
  5317 | D:6      | Reached skill level 10 in Maces & Flails
  5327 | D:6      | Reached XP level 9. HP: 71/71 MP: 8/8
  5356 | D:6      | Found an ancient bone altar of Kikubaaqudgha.
  5994 | D:7      | Reached skill level 11 in Shields
  6011 | D:7      | Found a sparkling altar of Nemelex Xobeh.
  6050 | D:7      | Became a worshipper of Nemelex Xobeh the Trickster
  6151 | D:7      | Received a gift from Nemelex Xobeh
  6274 | D:7      | Found a runed door.
  6278 | D:7      | Noticed Crazy Yiuf
  6280 | D:7      | Killed Crazy Yiuf
  6559 | D:8      | Paralysed by a hornet for 2 turns
  6560 | D:8      | HP: 2/71 [hornet (5)]
  6565 | D:8      | Found a staircase to the Lair.
  6567 | D:8      | Reached skill level 14 in Shields
  6567 | D:8      | Reached XP level 10. HP: 30/78 MP: 8/14
  6568 | D:8      | HP: 3/78 [yak (11)]
  6570 | D:8      | Mangled by a yak

Skill      XL: |  1  2  3  4  5  6  7  8  9 |
---------------+----------------------------+-----
Shields        | 4 5 6 7 8 10 14 | 14.0
Maces & Flails | 3 4 5 6 8 10 11 | 11.1
Invocations    | 7 |  7.6
Fighting       | |  3.9
Armour         | |  3.9

Action                   |  1- 3 |  4- 6 |  7- 9 | 10-12 || total
-------------------------+-------+-------+-------+-------++-------
Melee: Flail             |   114 |   143 |   227 |       ||   484
       Headbutt          |    14 |    26 |    72 |       ||   112
       Morningstar       |       |       |   207 |       ||   207
       Mace              |       |       |    20 |       ||    20
Evoke: Wand              |       |     3 |       |       ||     3
       Deck              |       |       |     2 |       ||     2
  Use: Scroll            |       |     1 |    10 |     1 ||    12
       Potion            |       |     3 |     5 |     2 ||    10
 Stab: Invisible         |       |     4 |       |       ||     4
  Eat: Chunk             |       |     5 |    12 |       ||    17
       Ration            |       |       |     1 |       ||     1
Armor: Scale mail        |    64 |    23 |       |       ||    87
       Plate armour      |       |   102 |    80 |       ||   182
       Skin              |       |    16 |       |       ||    16
       Chain mail        |       |       |   119 |     6 ||   125
Dodge: Dodged            |    28 |    40 |    92 |     4 ||   164
Block: Shield            |    70 |   126 |   264 |     8 ||   468
